 Dungeon Crawl Stone Soup version 0.18-a0-1572-g0a86841 (webtiles) character file.

167 M4edhros the Poker (level 5, -3/36 HPs)
             Began as an Octopode Chaos Knight on Mar 15, 2016.
             Slain by PeterLawrence's ghost (9 damage)
             ... on level 3 of the Dungeon.
             The game lasted 00:03:03 (1888 turns).

M4edhros the Poker (Octopode Chaos Knight)          Turns: 1888, Time: 00:03:03

Health: -3/36      AC:  1    Str: 11    XL:     5   Next: 48%
Magic:  5/5        EV: 12    Int: 14    God:    Xom [..*...]
Gold:   99         SH:  0    Dex: 13    Spells: 0 memorised, 4 levels left

rFire  x . .     SeeInvis .     a - +0 spear (chaos)
rCold  + . .     Gourm    .     (no shield)
rNeg   . . .     Faith    .     (helmet restricted)
rPois  .         Spirit   .     (no amulet)
rElec  .         Dismiss  .     e - ring of ice (curse)
rCorr  .         Reflect  .     (no ring)
SustAt .         Harm     .     (no ring)
MR     .....                    (no ring)
Stlth  ++........               (no ring)
                                (no ring)
                                (no ring)
                                (no ring)

@: invisible, not resistant to hostile enchantments, unstealthy
A: almost no armour, amphibious, 8 rings, constrict 8, camouflage 1, gelatinous
body 1
a: Renounce Religion


You were on level 3 of the Dungeon.
You worshipped Xom.
You were a toy of Xom.
You were not hungry.

You visited 1 branch of the dungeon, and saw 3 of its levels.

You collected 99 gold pieces.

Inventory:

Hand Weapons
 a - a +0 spear of chaos (weapon)
Jewellery
 e - a cursed ring of ice (left tentacle)
Scrolls
 d - 2 scrolls of remove curse {unknown}
 i - 2 scrolls of random uselessness {unknown}
 j - a scroll of magic mapping {unknown}
 l - a scroll of noise {unknown}
 m - a scroll of immolation {unknown}
 o - a scroll of identify {unknown}
 p - a scroll of blinking {unknown}
 q - a scroll of fog {unknown}
 t - 3 scrolls of teleportation {unknown}
Potions
 c - a potion of ambrosia {unknown}
 f - a potion of invisibility
 h - a potion of resistance {unknown}
 k - a potion of cancellation {unknown}
 n - a potion of haste {unknown}
 s - a potion of magic {unknown}
Comestibles
 b - 3 bread rations
 g - 3 meat rations


   Skills:
 - Level 3.0 Fighting
 + Level 6.0 Polearms
 - Level 2.3 Dodging


You had 4 spell levels left.
You didn't know any spells.

Dungeon Overview and Level Annotations

Branches:
Dungeon (3/15)

Altars:
Qazlal
Sif Muna

Annotations:
D:3 PeterLawrence's ghost, amateur MiFi


Innate Abilities, Weirdness & Mutations

You cannot wear most types of armour.
You are amphibious.
You can wear up to eight rings at the same time.
You can use your tentacles to constrict eight enemies at once.
Your skin changes colour to match your surroundings (Stealth).
Your rubbery body absorbs attacks (AC +1).


Message History

The orc barely misses you.
You hit the orc.
You kill the orc!
PeterLawrence's ghost hits you!
You hit PeterLawrence's ghost but do no damage.
You squeeze PeterLawrence's ghost, but do no damage.
PeterLawrence's ghost is lightly damaged. "Serve the mortal, my child!"
PeterLawrence's ghost hits you!
* * * LOW HITPOINT WARNING * * *
Drink which item? (? for menu, Esc to quit)
Okay, then.
Read which item? (? for menu, Esc to quit)
Okay, then.
Drink which item? (? for menu, Esc to quit)
It was a potion of invisibility.
You fade into invisibility!
Xom roars with laughter!
PeterLawrence's ghost hits you!
You die...

##†# ##.## ##.(... #..#
###..>#### ###...... #.##
#........# ##........ ###.#
#........# ##..####### #...#
#........# ##..## ..###
#........# ##..## .##
###..###..###..## .#
#####...#####...).##
#####...>.#####W@).####
...##....## #.5##...#
##.#####.#####.#####.# #### ##.#
#.........###.###..###### ##.###
#######.###§...§##......##
#...########..###.....#.#####...
###..........##...._....# ####
############.....#.....#.# #
..#### ####.####.....#.# #


You could see PeterLawrence's ghost and a friendly crimson imp.

Vanquished Creatures
  A crimson imp (D:3)
  Natasha (D:2)
  Robin (D:3)
  2 adders (D:2)
  3 worms
  2 dart slugs
  A giant gecko (D:3)
  2 orcs (D:3)
  A ball python (D:1)
  6 bats
  2 giant cockroaches (D:1)
  9 hobgoblins
  2 jackals (D:3)
  2 quokkas
  2 giant newts
  16 goblins
  4 kobolds
  3 rats
60 creatures vanquished.

Notes
Turn   | Place    | Note
--------------------------------------------------------------
     0 | D:1      | M4edhros the Octopode Chaos Knight began the quest for the Orb.
     0 | D:1      | Reached XP level 1. HP: 16/16 MP: 1/1
   135 | D:1      | Reached XP level 2. HP: 21/21 MP: 2/2
   161 | D:1      | XOM: harmless Necr miscast
   579 | D:2      | Reached skill level 4 in Polearms
   579 | D:2      | Reached XP level 3. HP: 26/26 MP: 3/3
   616 | D:2      | XOM: harmless Tloc miscast
   839 | D:2      | Noticed Natasha
   846 | D:2      | Killed Natasha
   846 | D:2      | Reached XP level 4. HP: 29/31 MP: 4/4
   965 | D:2      | Reached skill level 5 in Polearms
   974 | D:2      | Found a deep blue altar of Sif Muna.
  1209 | D:3      | Reached XP level 5. HP: 20/36 MP: 5/5
  1316 | D:3      | XOM: harmless Divn miscast
  1342 | D:3      | XOM: mild Hex miscast
  1354 | D:3      | Noticed Robin
  1365 | D:3      | Killed Robin
  1410 | D:3      | XOM: harmless Pois miscast
  1436 | D:3      | Found a stormy altar of Qazlal.
  1536 | D:3      | XOM: colour smoke trail
  1564 | D:3      | Noticed PeterLawrence's ghost (amateur MiFi)
  1567 | D:3      | XOM: cast spell 'Summon Butterflies'
  1574 | D:3      | XOM: potion effect (haste)
  1576 | D:3      | XOM: potion effect (might)
  1577 | D:3      | XOM: confuse monster(s)
  1666 | D:3      | Reached skill level 6 in Polearms
  1851 | D:3      | XOM: confuse monster(s)
  1861 | D:3      | XOM: confusion (+ monsters)
  1863 | D:3      | XOM: confuse monster(s)
  1875 | D:3      | XOM: confuse monster(s)
  1887 | D:3      | XOM: summons friendly crimson imp
  1888 | D:3      | Slain by PeterLawrence's ghost

Vault maps used:
D:1:      lightli_arrival_isolated_outpost
D:2:      led_sif_pool, uniq_natasha
D:3:      grunt_qazlal_clouds, uniq_robin

Skill      XL: |  1  2  3  4  5 |
---------------+----------------+-----
Polearms       | 4 5 6 |  6.0
Fighting       | |  3.0
Dodging        | |  2.3

Action                   |  1- 3 |  4- 6 || total
-------------------------+-------+-------++-------
Melee: Spear             |    65 |    96 ||   161
  Use: Potion            |       |     1 ||     1
 Stab: Sleeping          |     4 |     5 ||     9
       Confused          |       |     4 ||     4
       Paralysed         |       |     1 ||     1
  Eat: Chunk             |       |     3 ||     3
